 Dungeon Crawl Stone Soup version 0.32-a0-746-g1ee7915 (webtiles) character file.

Game seed: 1108889039767654106

8345 kyojun0602 the Severer (level 11, -2/84 HPs)
             Began as a Minotaur Fighter on Mar 17, 2024.
             Was a Priest of the Shining One.
             Slain by a catoblepas (26 damage)
             ... on level 9 of the Dungeon.
             The game lasted 00:28:22 (7035 turns).

kyojun0602 the Severer (Minotaur Fighter)           Turns: 7035, Time: 00:28:22

Health: -2/84      AC: 11    Str: 25    XL:     11   Next: 8%
Magic:  7/10       EV: 22    Int:  9    God:    the Shining One [***...]
Gold:   655        SH:  6    Dex: 13    Spells: 10/10 levels left

rFire   . . .        B - +3 battleaxe (freeze)
rCold   . . .        (shield currently unavailable)
rNeg    + . .        v - +0 chain mail
rPois   .            (helmet restricted)
rElec   .            s - +0 cloak
rCorr   .            (no gloves)
SInv    .            g - +0 pair of boots
Will    +....        y - amulet of the acrobat Stlth
                     t - ring of willpower
HPRegen 0.34/turn    D - ring "Ataq Fus" {Wiz Int+4 Dex+3}
MPRegen 0.12/turn

%: acrobat, wizardry (x1)
@: divinely shielded, acrobatic, attractive, glowing
A: horns 2, retaliatory headbutt
a: Renounce Religion, Divine Shield, Cleansing Flame


You were on level 9 of the Dungeon.
You worshipped the Shining One.
The Shining One was most pleased with you.
You visited 2 branches of the dungeon, and saw 10 of its levels.

You collected 655 gold pieces.

Inventory:

Hand Weapons
 a - a +0 war axe
 B - a +3 battleaxe of freezing (weapon)
 F - the +8 war axe "Pendulum" {freeze, rF+ rN+ rCorr}
   (You found it on level 8 of the Dungeon)

   rF+:       It protects you from fire.
   rN+:       It protects you from negative energy.
   rCorr:     It protects you from acid and corrosion.
Missiles
 C - 2 throwing nets (quivered)
Armour
 c - a +0 buckler
 g - a +0 pair of boots (worn)
 s - a +0 cloak (worn)
 v - a +0 chain mail (worn)
 A - a +0 barding
Jewellery
 b - a ring of protection from fire
 t - a ring of willpower (left hand)
 y - an amulet of the acrobat (around neck)
 D - the ring "Ataq Fus" (right hand) {Wiz Int+4 Dex+3}
   (You found it on level 7 of the Dungeon)

   [ring of wizardry]

   Wiz:       It improves your spell success rate.
   Int+4:     It affects your intelligence (+4).
   Dex+3:     It affects your dexterity (+3).
 J - a ring of protection from cold
Wands
 p - a wand of charming (5)
 q - a wand of flame (33)
 x - a wand of light (18)
 z - a wand of iceblast (3)
Scrolls
 f - a scroll of poison {unknown}
 h - a scroll of vulnerability {unknown}
 m - 7 scrolls of identify {unknown}
 o - 3 scrolls of revelation {unknown}
 r - a scroll of immolation {unknown}
 u - 3 scrolls of teleportation {unknown}
 E - 3 scrolls of enchant armour {unknown}
 G - a scroll of noise {unknown}
Potions
 e - 3 potions of brilliance {unknown}
 i - a potion of cancellation {unknown}
 j - 3 potions of heal wounds {unknown}
 l - a potion of enlightenment {unknown}
 n - 4 potions of haste {unknown}
 w - a potion of curing {unknown}
 H - a potion of resistance {unknown}
 I - a potion of magic {unknown}


   Skills:
 - Level 4.0 Fighting
 + Level 19.6 Axes
 - Level 3.9 Armour
 - Level 4.0 Shields


You had 10 spell levels left.
You didn't know any spells.
Your spell library contained the following spells:

 Spells                   Type           Power      Damage    Failure   Level
 Magic Dart               Conj           0%         1d3       61%         1
 Sandblast                Erth           0%         2d4       61%         1
 Lesser Beckoning         Tloc           0%         N/A       75%         2
 Searing Ray              Conj           0%         2d4       75%         2
 Stone Arrow              Conj/Erth      0%         3d7       91%         3
 Teleport Other           Tloc           0%         N/A       91%         3
 Animate Armour           Summ/Erth      0%         N/A       100%        4
 Brom's Barrelling Bould  Conj/Erth      0%         2d3       100%        4
 Fulminant Prism          Conj/Alch      0%         3d5       100%        4
 Iskenderun's Mystic Bla  Conj/Tloc      0%         2d3       100%        4
 Manifold Assault         Tloc           0%         N/A       100%        4
 Summon Lightning Spire   Summ/Air       0%         N/A       100%        4
 Dispersal                Tloc           0%         N/A       100%        6
 Disjunction              Tloc           0%         N/A       100%        8


Dungeon Overview and Level Annotations

Branches:
Dungeon (9/15)             Temple (1/1) D:7             Orc (0/2) D:9
   Lair: D:8-11

Altars:
Ashenzari
Cheibriados
Dithmenos
Elyvilon
Fedhas
Gozag
Hepliaklqana
Kikubaaqudgha
Makhleb
Nemelex Xobeh
Okawaru
Qazlal
Sif Muna
Trog
Vehumet
Wu Jian
Xom
Yredelemnul
Zin
The Shining One
Lugonu

Shops:
D:8 :((


Innate Abilities, Weirdness & Mutations

You have a pair of horns on your head.
You reflexively headbutt those who attack you in melee.


Message History

You slash the yak! You freeze the yak.
The yak is heavily wounded.
The yak gores you but does no damage.
You slash the yak! You freeze the yak.
The yak is almost dead.
The yak gores you. The yak is attracted toward you.
You hit the yak. You freeze the yak.
You kill the yak!
You hit the yak. You freeze the yak. The yak barely misses you.
The catoblepas breathes a plume of calcifying dust at you.
The blast of calcifying dust hits you but does no damage.
The catoblepas is attracted toward you.
You barely miss the yak. You headbutt the yak, but do no damage.
The yak is lightly wounded.
You hit the catoblepas but do no damage.
You are engulfed in calcifying dust.
The yak gores you!
* * * LOW HITPOINT WARNING * * *
The catoblepas attacks as it pursues you!
The catoblepas barely misses you. You furiously retaliate!
You headbutt the catoblepas! The yak is attracted toward you.
You hit the yak. You freeze the yak. Your headbutt misses the yak.
The yak is moderately wounded.
You hit the catoblepas but do no damage.
The yak barely misses you. You furiously retaliate!
You headbutt the yak. You block the catoblepas's attack.
The yak is attracted toward you. The wight is attracted toward you.
Your divine shield fades away.
The howler monkey is attracted toward you.
The wight is attracted toward you. The yak is attracted toward you.
A divine shield forms around you! The howler monkey barely misses you.
You block the yak's attack.
The catoblepas gores you but does no damage.
The howler monkey is attracted toward you.
The kobold is engulfed in calcifying dust.
The kobold is moving more slowly.
The catoblepas attacks as it pursues you!
The catoblepas closely misses you. The yak completely misses you.
The catoblepas gores you!!
You die...

.....# #.# †...##
#####.#######
###.######...........#
###.##...............####
.......###.........h.§z§##
.##.#### #........K..##††#
###.# #.......zY..###K#
#.># #......hYY###K.hYY#
#.## #......@Y##..YYYYYz.#
#.# #######[##....z.Yz...#
#.# ###..##...≈≈≈≈≈...#
#.#
#####...##.....KgK.....#
#.#
#.......##.....?.[.....#
##'####
#..###..##(...........[#
......# #.##.##..# ......#
#.#......#
.(...†###.##.##..##


You could see a catoblepas, 3 yaks, 2 howler monkeys, 2 wights and a kobold
(petrifying).

Vanquished Creatures
  Pikel (D:7)
  Maurice (D:8)
  Maggie (D:7)
  Jeremiah (D:8)
  Psyche (D:8)
  A troll (D:9)
  A hornet (D:9)
  A polar bear (D:9)
  A warg (D:9)
  10 yaks (D:9)
  2 wyverns (D:9)
  A human (D:9)
  A steam dragon (D:9)
  Menkaure (D:4)
  An acid dragon (D:8)
  A water moccasin (D:9)
  A black bear (D:6)
  8 orc warriors
  A sky beast (D:7)
  2 ogres
  2 centaurs (D:9)
  A kobold brigand (D:7)
  4 bullfrogs
  A gnoll sergeant (D:7)
  16 wights
  2 howler monkeys
  A bombardier beetle (D:4)
  Crazy Yiuf (D:3)
  A gnoll bouda (D:9)
  2 hounds
  A jelly (D:7)
  10 orc priests
  2 iguanas
  Ijyb (D:3)
  11 orc wizards
  7 gnolls
  A river rat (D:5)
  5 adders
  A shadow imp (D:8)
  2 white imps
  4 ufetubi
  A dart slug (D:5)
  2 ribbon worms (D:3)
  60 orcs
  11 ball pythons
  4 endoplasms
  3 giant cockroaches
  10 goblins
  11 hobgoblins
  3 jackals (D:5)
  11 kobolds
  2 quokkas
  5 bats
  4 frilled lizards
  6 rats
247 creatures vanquished.

Vanquished Creatures (collateral kills)
  4 goblins (D:3)
  2 hobgoblins (D:3)
6 creatures vanquished.

Vanquished Creatures (others)
  Robin (D:3)
1 creature vanquished.

Grand Total: 254 creatures vanquished

Notes
Turn   | Place    | Note
-------+----------+-------------------------------------------
     0 | D:1      | kyojun0602 the Minotaur Fighter began the quest for the
                  | Orb.
     0 | D:1      | Reached XP level 1. HP: 19/19 MP: 0/0
   116 | D:1      | Reached XP level 2. HP: 27/27 MP: 1/1
   656 | D:2      | Reached skill level 3 in Axes
   892 | D:2      | Reached XP level 3. HP: 21/33 MP: 2/2
  1056 | D:2      | Reached skill level 4 in Axes
  1537 | D:3      | Noticed Ijyb
  1583 | D:3      | Killed Ijyb
  1584 | D:3      | Reached XP level 4. HP: 24/40 MP: 3/3
  1673 | D:3      | Noticed Robin
  1683 | D:3      | Reached skill level 5 in Axes
  1694 | D:3      | Your ally Robin died
  1817 | D:3      | Found a runed translucent door.
  1818 | D:3      | Noticed Crazy Yiuf
  1893 | D:3      | Killed Crazy Yiuf
  1894 | D:3      | Reached XP level 5. HP: 30/46 MP: 4/4
  2319 | D:4      | Noticed an ogre
  2330 | D:4      | Killed an ogre
  2331 | D:4      | Reached skill level 6 in Axes
  2432 | D:4      | Reached skill level 7 in Axes
  2432 | D:4      | Reached XP level 6. HP: 52/52 MP: 5/5
  2529 | D:4      | Noticed a fire elemental
  2615 | D:4      | Found a stormy altar of Qazlal.
  2618 | D:4      | Noticed an air elemental
  2619 | D:4      | Noticed a water elemental
  2856 | D:4      | Noticed Menkaure
  2925 | D:5      | Entered Level 5 of the Dungeon
  2950 | D:4      | Killed Menkaure
  2951 | D:4      | Reached skill level 8 in Axes
  3128 | D:5      | Found a glowing golden altar of the Shining One.
  3130 | D:5      | Found a glowing silver altar of Zin.
  3130 | D:5      | Found a white marble altar of Elyvilon.
  3137 | D:5      | Became a worshipper of the Shining One
  3178 | D:5      | Reached XP level 7. HP: 49/59 MP: 6/6
  3187 | D:5      | Reached skill level 9 in Axes
  3248 | D:5      | Found a sparkling altar of Nemelex Xobeh.
  3248 | D:5      | Found a blossoming altar of Fedhas.
  3249 | D:5      | Found an iron altar of Okawaru.
  3250 | D:5      | Found an ancient bone altar of Kikubaaqudgha.
  3250 | D:5      | Found a hazy altar of Hepliaklqana.
  3250 | D:5      | Found a burning altar of Makhleb.
  3252 | D:5      | Found a broken altar of Ashenzari.
  3252 | D:5      | Found a bloodstained altar of Trog.
  3252 | D:5      | Found a shadowy altar of Dithmenos.
  3770 | D:6      | Reached * piety under the Shining One
  3783 | D:6      | Reached skill level 10 in Axes
  4034 | D:6      | Reached skill level 11 in Axes
  4034 | D:6      | Reached XP level 8. HP: 46/66 MP: 7/7
  4255 | D:7      | Got the Secrets of Hyperbolic Attendants
  4357 | D:7      | Noticed Pikel
  4369 | D:7      | Killed Pikel
  4370 | D:7      | Reached skill level 13 in Axes
  4514 | D:7      | Noticed Maggie
  4541 | D:7      | Killed Maggie
  4542 | D:7      | Reached skill level 14 in Axes
  4542 | D:7      | Reached XP level 9. HP: 31/71 MP: 8/8
  4698 | D:7      | Identified the quicksilver dragon scales of Supple Strength
                  | {^Drain rF+ Will+ Int+4 Stlth+}
  4785 | D:7      | Identified the ring "Ataq Fus" {Wiz Int+4 Dex+3}
  5175 | D:7      | Found a staircase to the Ecumenical Temple.
  5194 | Temple   | Entered the Ecumenical Temple
  5415 | D:8      | Noticed Maurice
  5426 | D:8      | Maurice stole the ring "Ataq Fus" {Wiz Int+4 Dex+3}
  5428 | D:8      | Maurice stole a +0 war axe
  5430 | D:8      | Killed Maurice
  5431 | D:8      | Reached skill level 15 in Axes
  5591 | D:8      | Found an ornate altar of the Wu Jian Council.
  5600 | D:8      | Noticed Jeremiah
  5600 | D:8      | Reached ** piety under the Shining One
  5631 | D:8      | Killed Jeremiah
  5707 | D:8      | Found Dysil's Book Emporium.
  5717 | D:8      | Found a flagged portal.
  5726 | D:8      | Noticed Psyche
  5746 | D:8      | Killed Psyche
  5747 | D:8      | Reached skill level 16 in Axes
  5758 | D:8      | Reached XP level 10. HP: 36/78 MP: 6/9
  5895 | D:8      | Identified the +8 war axe "Pendulum" {freeze, rF+ rN+
                  | rCorr}
  5960 | D:8      | Found Tiadgh's Weapon Shop.
  5964 | D:8      | Found Limatz's Antique Weapon Emporium.
  6120 | D:9      | Reached skill level 17 in Axes
  6313 | D:9      | Reached *** piety under the Shining One
  6369 | D:9      | Found a staircase to the Orcish Mines.
  6441 | D:9      | Reached skill level 18 in Axes
  6721 | D:9      | Reached skill level 19 in Axes
  6980 | D:9      | Noticed a catoblepas
  6992 | D:9      | Reached XP level 11. HP: 64/84 MP: 10/10
  7035 | D:9      | Slain by a catoblepas

Illustrated notes

Levels and vault maps discovered:
D:1:      hellmonk_arrival_library, layout_rooms, minmay_misc_feat_doors,
          skrybe_limestone_x
D:2:      layout_basic, serial_rivers, chequers_serial_rivers_micro_a,
          chequers_serial_rivers_small_3, chequers_serial_rivers_micro_e,
          chequers_serial_rivers_large_b, chequers_serial_rivers_micro_c,
          chequers_serial_rivers_small_a
D:3:      layout_basic, uniq_crazy_yiuf_cottage, uniq_robin, uniq_ijyb
D:4:      layout_basic, nicolae_qazlal_style_of_elements, minmay_misc_feat_five,
          kennysheep_windowed_goal, uniq_menkaure
D:5:      layout_basic, dreamdust_divine_triumvirate, nicolae_overflows_in_rows,
          portal_sewer_entry_b, abandoned_shop, minmay_liquid_box
D:6:      black_bear_nest_2, layout_rooms, minmay_misc_feat_more_columns
D:7:      layout_loops_ring, minmay_temple_entry_offerings, uniq_pikel,
          uniq_maggie
D:8:      layout_gridville, lemuel_round_altar, enter_bailey_6, serial_shops,
          shop, nicolae_shop_pleasant_corner_grove, shop, uniq_jeremiah,
          uniq_maurice, uniq_psyche
D:9:      layout_roguey [special_room_orc], erik_orc_4, serial_ice,
          serial_ice_j, serial_ice_o, serial_ice_d, serial_ice_m,
          chequers_jeans, grunt_potential
Temple:   corrupted_temple

Skill      XL: |  1  2  3  4  5  6  7  8  9 10 |
---------------+-------------------------------+-----
Fighting       | 4 |  4.0
Shields        | 4 |  4.0
Axes           | 3 4 5 7 8 11 14 16 19 | 19.6
Armour         | |  3.9

Action                     |  1- 3 |  4- 6 |  7- 9 | 10-12 || total
---------------------------+-------+-------+-------+-------++-------
  Melee: War axe           |    98 |    77 |   171 |       ||   346
         Headbutt          |    11 |     7 |    40 |    25 ||    83
         Battleaxe         |       |       |    27 |   133 ||   160
  Throw: Throwing net      |       |       |     1 |       ||     1
 Invoke: Divine Shield     |       |       |     2 |     4 ||     6
  Evoke: Wand              |       |     2 |     2 |       ||     4
    Use: Potion            |       |     1 |     1 |     2 ||     4
 Armour: Scale mail        |    85 |    43 |       |       ||   128
         Chain mail        |       |     2 |   127 |    97 ||   226
  Dodge: Dodged            |    56 |    34 |    58 |    81 ||   229
  Block: Buckler           |    18 |    16 |    31 |       ||    65
         Other             |       |       |     3 |    17 ||    20

Table legend: (Time is in decaauts)
 A = Elapsed time spent in this place.
 B = Non-inter-level travel time spent in this place.
 C = Inter-level travel time spent in this place.
 D = Time resting spent in this place.
 E = Time spent auto-exploring this place.
 F = Levels seen in this place.
 G = Mean time per level.
                   A        B        C        D        E       F      G
               +--------+--------+--------+--------+--------+-----+--------+
         Total |   7080 |   6534 |    546 |   1131 |   4191 |  10 |  708.0 |
       Dungeon |   7052 |   6531 |    521 |   1131 |   4191 |   9 |  783.6 |
        Temple |     27 |      2 |     25 |      0 |      0 |   1 |   27.0 |
               +--------+--------+--------+--------+--------+-----+--------+

Top non-repeatable levels by time:
     D:7: 1103 daAuts
     D:2: 916 daAuts
     D:3: 903 daAuts
     D:9: 893 daAuts
     D:4: 777 daAuts
     D:8: 742 daAuts
     D:5: 647 daAuts
     D:1: 552 daAuts
     D:6: 516 daAuts
  Temple: 27 daAuts
